 Dungeon Crawl Stone Soup version 0.24-a0-489-g1c7b743a30 (webtiles) character file.

Game seed: 18067573933568526537

449 shadizar the Cudgeler (level 7, -1/44 HPs)
             Began as a Gargoyle Fighter on July 11, 2019.
             Slain by an ogre
             ... wielding a cursed -1 giant club
              (5 damage)
             ... on level 4 of the Dungeon.
             The game lasted 00:04:45 (3477 turns).

shadizar the Cudgeler (Gargoyle Fighter)            Turns: 3477, Time: 00:04:45

Health: -1/44      AC: 16    Str: 22    XL:     7   Next: 4%
Magic:  7/7        EV:  4    Int:  8    God:
Gold:   272        SH:  9    Dex:  9    Spells: 6/6 levels left

rFire    + . .     SeeInvis .   a - +0 flail
rCold    + . .     Gourm    .   c - +0 shield
rNeg     + . .     Faith    .   i - +0 plate armour
rPois    ∞         Spirit   .   o - +0 hat
rElec    +         Reflect  .   x - scarf {rC+ rF+}
rCorr    .         Harm     .   (no gloves)
MR       .....                  (no boots)
Stlth    ..........             (no amulet)
HPRegen  0.14/turn              (no ring)
MPRegen  0.10/turn              (no ring)

@: very slow
A: negative energy resistance 1, electricity resistance, unbreathing,
petrification resistance, rot immunity, AC +4
a: no special abilities


You were on level 4 of the Dungeon.
You were hungry.

You visited 1 branch of the dungeon, and saw 5 of its levels.

You collected 272 gold pieces.

Inventory:

Hand Weapons
 a - a +0 flail (weapon)
 w - a +1 whip of freezing
 y - a +2 flail of venom
Armour
 b - a +0 scale mail
 c - a +0 shield (worn)
 i - a +0 plate armour (worn)
 o - a +0 hat (worn)
 x - a scarf of resistance (worn)
Jewellery
 m - an uncursed ring of ice {unknown}
 p - an uncursed ring of ice {unknown}
 u - a cursed amulet of inaccuracy {unknown}
 z - a +3 ring of slaying {unknown}
Scrolls
 e - 3 scrolls of identify {unknown}
 g - a scroll of blinking {unknown}
 h - 2 scrolls of random uselessness {unknown}
 j - 2 scrolls of teleportation {unknown}
 q - a scroll of remove curse {unknown}
 s - a scroll of amnesia {unknown}
 v - 2 scrolls of enchant weapon {unknown}
Potions
 d - a potion of berserk rage {unknown}
 k - a potion of flight {unknown}
 l - a potion of haste
 n - a potion of heal wounds {unknown}
 r - a potion of curing {unknown}
 t - a potion of brilliance {unknown}
 A - a potion of ambrosia {unknown}
Comestibles
 f - 7 rations


   Skills:
 + Level 4.4 Fighting
 + Level 5.1 Maces & Flails
 + Level 4.4 Armour
 + Level 1.1 Dodging
 + Level 0.5 Stealth
 + Level 4.6 Shields


You had 6 spell levels left.
You didn't know any spells.
Your spell library contained the following spells:

 Spells                   Type           Power        Failure   Level  Hunger
 Confusing Touch          Hex            #.....       100%        1    ##.....
 Confuse                  Hex            #.......     100%        3    ####...
 Gell's Gravitas          Tloc           #.........   100%        3    ####...
 Petrify                  Tmut/Erth      #.......     100%        4    #####..
 Metabolic Englaciation   Hex/Ice        #.........   100%        5    ######.
 Yara's Violent Unravell  Hex/Tmut       #.........   100%        5    ######.


Dungeon Overview and Level Annotations

Branches:
Dungeon (5/15)
 Temple: D:4-7

Altars:
Hepliaklqana
Uskayaw
Vehumet


Innate Abilities, Weirdness & Mutations

You are resistant to torment.
Your stone body is resilient. (AC +4)
You are immune to poison.
You resist negative energy. (rN+)
You are resistant to electric shocks. (rElec)
You can survive without breathing.
You are immune to petrification.
You are immune to rotting.


Message History

You see here 4 datura-tipped darts.
There is a stone staircase leading down here.
The ogre hits you with a cursed -1 giant club.
* * * LOW HITPOINT WARNING * * *
There is a stone staircase leading up here.
The ogre barely misses you.
You climb upwards.
There is a stone staircase leading down here.
Things that are here:
a +0 robe; a +0 dagger x2
You enter the shallow water.
Moving in this stuff is going to be slow.
You block the ogre's attack.
The ogre hits you with a cursed -1 giant club!
* * * LOW HITPOINT WARNING * * *
You block the ogre's attack. You block the ogre's attack.
You block the ogre's attack.
The ogre hits you with a cursed -1 giant club.
You die...

.......# #(# ######.#######.##
#..........>.##
####.#.########..# .....#.# ##.#
######|# #.######## .....#.#
####P♣P≈≈♣♣≈♣######## ####.#<#
##≈♣≈♣≈≈≈♣♣♣♣≈♣♣≈≈≈....
#.#.###♣P♣♣≈P@OP≈≈≈≈P≈≈♣♣≈≈≈#.
#.#..#♣≈♣≈♣P≈PP≈≈≈≈≈≈P≈P≈≈≈♣♣.
#.#.≈♣≈≈P≈≈≈≈≈≈≈≈≈≈≈≈≈≈P♣PP♣♣.
####.#P♣≈≈≈≈P≈≈≈≈≈≈≈≈≈≈≈≈≈♣P≈≈≈≈≈
..##.♣♣P≈≈♣≈≈≈≈≈≈≈≈≈≈≈≈≈≈≈≈PP♣≈≈♣
#.##.♣♣≈♣≈≈≈≈≈≈≈≈≈≈≈≈≈≈≈≈≈P≈≈≈≈≈P
#.##.≈♣≈PPP≈≈≈≈≈≈≈≈≈≈≈≈≈≈≈≈♣≈PPP≈
...#.#♣♣≈P♣≈≈P≈≈≈≈≈≈≈≈≈≈≈≈≈≈≈P♣P≈
#.##.#.≈♣≈≈P≈P≈≈≈≈≈≈≈≈≈≈≈≈≈P≈≈≈≈.


You could see an ogre.

Vanquished Creatures
  A necrophage (D:5)
  2 bullfrog skeletons
  An orc priest (D:4)
  2 orc wizards
  2 worker ants
  8 adders
  A shadow imp (D:4)
  An adder skeleton (D:5)
  2 worms (D:2)
  A dart slug (D:1)
  A leopard gecko (D:3)
  11 orcs
  4 giant cockroaches
  7 goblins
  8 hobgoblins
  5 jackals
  6 kobolds
  A quokka (D:2)
  5 bats
  3 frilled lizards
  14 rats
86 creatures vanquished.

Notes
Turn   | Place    | Note
-------+----------+-------------------------------------------
     0 | D:1      | shadizar the Gargoyle Fighter began the quest for the Orb.
     0 | D:1      | Reached XP level 1. HP: 14/14 MP: 1/1
    95 | D:1      | Reached XP level 2. HP: 20/20 MP: 2/2
   719 | D:2      | Reached XP level 3. HP: 24/24 MP: 3/3
   882 | D:2      | Reached XP level 4. HP: 22/29 MP: 4/4
   987 | D:2      | Reached skill level 3 in Maces & Flails
  1482 | D:3      | Reached XP level 5. HP: 18/33 MP: 5/5
  1506 | D:3      | Found a radiant altar of Vehumet.
  1747 | D:3      | Reached skill level 4 in Maces & Flails
  2136 | D:3      | Found a hazy altar of Hepliaklqana.
  2251 | D:4      | Reached XP level 6. HP: 5/38 MP: 6/6
  3241 | D:5      | Entered Level 5 of the Dungeon
  3269 | D:5      | Noticed a necrophage
  3279 | D:5      | Killed a necrophage
  3279 | D:5      | Reached skill level 1 in Dodging
  3310 | D:5      | Reached skill level 5 in Maces & Flails
  3325 | D:5      | Found a hide-covered altar of Uskayaw.
  3399 | D:5      | Reached XP level 7. HP: 40/44 MP: 7/7
  3468 | D:4      | HP: 2/44 [ogre/cursed -1 giant club (8)]
  3477 | D:4      | Slain by an ogre

Levels and vault maps discovered:
D:1:      minmay_arrival_solitary_statue, layout_loops_ring, st_stairs_6
D:2:      layout_basic, wad_orctagon
D:3:      layout_loops_ring, vehumet_crystals, lemuel_doored_altar
D:4:      layout_basic, first_ration, serial_bayou, serial_bayou_pond_e,
          serial_bayou_ford_a, serial_bayou_crossing, serial_bayou_lake_a,
          st_stairs_5, hangedman_decor_push, minmay_misc_feat_pillars
D:5:      layout_basic, basic_altar

Skill      XL: |  1  2  3  4  5  6 |
---------------+-------------------+-----
Fighting       | 4 |  4.4
Maces & Flails | 3 4 5 |  5.1
Shields        | 4 |  4.6
Armour         | 4 |  4.4
Dodging        | 1 |  1.1
Stealth        | |  0.5

Action                   |  1- 3 |  4- 6 |  7- 9 || total
-------------------------+-------+-------+-------++-------
Melee: Flail             |   102 |   275 |     2 ||   379
  Use: Potion            |       |     2 |       ||     2
  Eat: Chunk             |       |     5 |       ||     5
       Ration            |       |     1 |       ||     1
Armor: Scale mail        |    53 |   177 |       ||   230
       Plate armour      |       |    11 |     1 ||    12
Dodge: Dodged            |    35 |   113 |     6 ||   154
Block: Shield            |    44 |   162 |     6 ||   212

Table legend:
 A = Non-vault XP
 B = Vault XP
 C = Vault XP percentage of total XP
 D = Non-vault monster count
 E = Vault monster count
 F = Vault count percentage of total count
                 A         B        C        D         E       F
            +---------+---------+-------+---------+---------+-------
      Total |     628 |      14 |   2.2 |      81 |       5 |   5.8
            +---------+---------+-------+---------+---------+-------
        D:1 |      29 |       2 |   6.5 |      19 |       1 |   5.0
        D:2 |      71 |      12 |  14.5 |      18 |       4 |  18.2
        D:3 |     151 |       0 |   0.0 |      29 |       0 |   0.0
        D:4 |     179 |       0 |   0.0 |      11 |       0 |   0.0
        D:5 |     198 |       0 |   0.0 |       4 |       0 |   0.0
            +---------+---------+-------+---------+---------+-------
